 Dungeon Crawl Stone Soup version 0.25-a0-492-g44cc58d149 (webtiles) character file.

Game seed: 1195402250512842344, levelgen mode: deterministic

221730 Lugonue the Severer (level 19, -7/223 (226) HPs)
             Began as a Hill Orc Monk on Feb 10, 2020.
             Was a High Priest of Makhleb.
             Mangled by a death ooze (31 damage)
             ... created by the Royal Jelly
             ... on level 5 of the Pits of Slime on Feb 11, 2020.
             The game lasted 02:20:13 (27345 turns).

Lugonue the Severer (Hill Orc Monk)                Turns: 27345, Time: 02:20:14

HP:   -7/223 (226)  AC: -1    Str: 22    XL:     19   Next: 21%
MP:   10/13         EV: 37    Int: 20    God:    Makhleb [*****.]
Gold: 1772          SH:  2    Dex: 16    Spells: 1/28 levels left

rFire    . . .     SeeInvis .   a - +8 battleaxe of Cerrel {antimagic, *Slow +Blink rElec Stlth+}
rCold    + . .     Gourm    .   (shield currently unavailable)
rNeg     . . .     Faith    .   U - quicksilver dragon scales "Nomoxtax" {MR+ Regen+ Str-2 Int+6 Dex-5}
rPois    +         Spirit   .   M - +3 hat of Pondering {ponderous, MR+ MP+10 Int+5}
rElec    +         Reflect  +   T - +0 cloak {rPois}
rCorr    .         Harm     .   d - +2 pair of gloves
MR       ++++.     Rnd*Rage +   r - +2 pair of boots of Waugg {Str+3}
Stlth    ..........             u - amulet "Jerphus" {Reflect rElec rC+ MR+ SH+2}
HPRegen  0.00/turn              i - ring of the Townfolk {EV+6 Slay+2}
MPRegen  0.13/turn              q - ring of Phasing {EV+8}

@: mighty, agile, berserking, corroded, non-regenerating, diseased, hasted,
studying 2 skills, very quick
A: hooves 1, rugged brown scales 1, berserk 2, blink, blurry vision 1, deformed
body, dopey 2, frail 2, wild magic 2
}: 1/15 runes: gossamer
a: Blink, Minor Destruction, Lesser Servant of Makhleb, Major Destruction,
Greater Servant of Makhleb, Renounce Religion, Evoke Blink


You were on level 5 of the Pits of Slime.
You worshipped Makhleb.
Makhleb was extremely pleased with you.
You were not hungry.

You visited 8 branches of the dungeon, and saw 35 of its levels.
You also visited: Gauntlet.

You collected 5090 gold pieces.
You spent 3318 gold pieces at shops.

Inventory:

Hand Weapons
 a - the +8 battleaxe of Cerrel (weapon) {antimagic, *Slow +Blink rElec Stlth+}
   (You found it on level 13 of the Dungeon)

   It reduces the magical energy of the wielder, and disrupts the spells and
   magical abilities of those hit.
   Natural abilities and divine invocations are not affected.
   It insulates you from electricity.
   It lets you blink.
   It may slow you when you take damage.
   It makes you more stealthy.
 b - a +5 executioner's axe of flaming
 R - the +8 lance "Wyrmbane" {slay drac, rPois rF+ rC+ AC+3}
   (You took it off a deep elf demonologist on level 3 of the Elven Halls)

   It affects your AC (+3).
   It protects you from fire.
   It protects you from cold.
   It protects you from poison.
Missiles
 e - 5 silver boomerangs
 o - 17 silver javelins (quivered)
Armour
 d - a +2 pair of gloves (worn)
 r - the +2 pair of boots of Waugg (worn) {Str+3}
   (You bought it in a shop on level 2 of the Orcish Mines)

   It affects your strength (+3).
   If you remove this armour, your AC will decrease by 4 (-1 -> -5).
 L - the +4 ring mail of Motath {MR+ Regen+ Int+4 Dex-3}
   (You found it on level 14 of the Dungeon)

   It affects your intelligence (+4).
   It affects your dexterity (-3).
   It affects your resistance to hostile enchantments.
   It increases your rate of regeneration.
   If you switch to wearing this armour, your AC will remain unchanged.
 M - the +3 hat of Pondering (worn) {ponderous, MR+ MP+10 Int+5}
   (You acquired it on level 1 of the Orcish Mines)

   It affects your intelligence (+5).
   It affects your resistance to hostile enchantments.
   It affects your magic capacity (+10).
   If you remove this armour, your AC will decrease by 3 (-1 -> -4).
 T - a +0 cloak of poison resistance (worn)
 U - the quicksilver dragon scales "Nomoxtax" (worn) {MR+ Regen+ Str-2 Int+6 Dex-5}
   (You found it on level 3 of the Elven Halls)

   It affects your strength (-2).
   It affects your intelligence (+6).
   It affects your dexterity (-5).
   It affects your resistance to hostile enchantments.
   It increases your rate of regeneration.
   If you remove this armour, your AC will decrease by 10 (-1 -> -11).
Jewellery
 i - the ring of the Townfolk (left hand) {EV+6 Slay+2}
   (You acquired it on level 3 of the Lair of Beasts)

   [ring of evasion]

   It affects your evasion (+6).
   It affects your accuracy and damage with ranged weapons and melee attacks
   (+2).
 q - the ring of Phasing (right hand) {EV+8}
   (You took it off a deep elf master archer on level 3 of the Elven Halls)

   [ring of evasion]

   It affects your evasion (+8).
 u - the amulet "Jerphus" (around neck) {Reflect rElec rC+ MR+ SH+2}
   (You found it on level 6 of the Lair of Beasts)

   [amulet of reflection]

   It shields you and reflects attacks.
   It protects you from cold.
   It insulates you from electricity.
   It affects your resistance to hostile enchantments.
   It affects your SH (+2).
 Q - the ring of Gieblal {EV+4 Str+5}
   (You found it in a Gauntlet)

   [ring of evasion]

   It affects your evasion (+4).
   It affects your strength (+5).
Wands
 h - a wand of disintegration (12)
 x - a wand of iceblast (5)
 y - a wand of acid (26)
 X - a wand of enslavement (7)
 Y - a wand of flame (24)
Scrolls
 c - 3 scrolls of teleportation
 f - 5 scrolls of fog
 j - 10 scrolls of identify
 m - 3 scrolls of torment
 n - 6 scrolls of remove curse
 v - 2 scrolls of blinking
 w - 2 scrolls of fear
 F - 4 scrolls of magic mapping
 P - a scroll of brand weapon
 Z - 2 scrolls of immolation
Potions
 s - a potion of agility
 t - 4 potions of magic
 z - 5 potions of flight
 A - 2 potions of cancellation
 B - 3 potions of invisibility
 I - 3 potions of brilliance
 K - 10 potions of curing
 O - 5 potions of ambrosia
 W - 2 potions of berserk rage
Books
 k - a manual of Translocations
 p - a manual of Invocations
Miscellaneous
 C - a lamp of fire (inert)
 V - a phial of floods (inert)
Comestibles
 g - 31 rations


   Skills:
 - Level 19.1 Fighting
 - Level 20.0 Axes
 - Level 5.4 Throwing
 - Level 12.7 Armour
 - Level 10.6 Dodging
 - Level 1.5 Stealth
 - Level 5.0 Spellcasting
 - Level 1.6 Conjurations
 + Level 7.1 Translocations
 + Level 11.4 Fire Magic
 - Level 16.7 Invocations
 - Level 3.9 Evocations


You had one spell level left.
You knew the following spells:

 Your Spells              Type           Power        Failure   Level  Hunger
a - Song of Slaying       Chrm           #.......     41%         2    None
b - Shroud of Golubria    Chrm/Tloc      ####..       14%         2    None
c - Fireball              Conj/Fire      ######....   47%         5    #####..
d - Ring of Flames        Chrm/Fire      #####.....   100%        7    #######
e - Blink                 Tloc           N/A          4%          2    None
f - Apportation           Tloc           ######       3%          1    None
h - Ignition              Fire           ######....   100%        8    #######

Your spell library contained the following spells:

 Spells                   Type           Power        Failure   Level  Hunger
 Foxfire                  Conj/Fire      ####         4%          1    None
 Beastly Appendage        Tmut           #.....       30%         1    None
 Corona                   Hex            #......      30%         1    None
 Freeze                   Ice            #...         30%         1    None
 Infusion                 Chrm           #...         30%         1    None
 Summon Butterflies       Summ           #.......     30%         1    None
 Summon Small Mammal      Summ           #...         30%         1    None
 Gell's Gravitas          Tloc           ######....   8%          3    ##.....
 Lesser Beckoning         Tloc           ######....   8%          3    ##.....
 Teleport Other           Tloc           ######..     8%          3    ##.....
 Conjure Flame            Conj/Fire      ######..     9%          3    ##.....
 Inner Flame              Hex/Fire       #####...     12%         3    ##.....
 Passage of Golubria      Tloc           N/A          19%         4    ####...
 Ignite Poison            Fire/Tmut/Pois ####....     22%         3    ##.....
 Sticky Flame             Conj/Fire      ######..     22%         4    ####...
 Portal Projectile        Hex/Tloc       ####..       24%         3    ##.....
 Ensorcelled Hibernation  Hex/Ice        #.....       41%         2    None
 Passwall                 Tmut/Erth      #.......     41%         2    None
 Poisonous Vapours        Pois/Air       #.....       41%         2    None
 Dazzling Flash           Conj/Hex       ##....       52%         3    ##.....
 Stone Arrow              Conj/Erth      ##....       52%         3    ##.....
 Mephitic Cloud           Conj/Pois/Air  ##......     54%         3    ##.....
 Call Canine Familiar     Summ           #.......     61%         3    ##.....
 Confusing Touch          Hex            #.......     61%         3    ##.....
 Frozen Ramparts          Ice            #.....       61%         3    ##.....
 Ozocubu's Armour         Chrm/Ice       #.......     61%         3    ##.....
 Spectral Weapon          Hex/Chrm       #.......     61%         3    ##.....
 Spider Form              Tmut/Pois      #.........   61%         3    ##.....
 Tukima's Dance           Hex            #.......     61%         3    ##.....
 Bolt of Magma            Conj/Fire/Erth #####.....   75%         5    #####..
 Hailstorm                Conj/Ice       ##......     87%         4    ####...
 Dispersal                Tloc           ######....   90%         6    #######
 Petrify                  Tmut/Erth      #.......     93%         4    ####...
 Summon Ice Beast         Ice/Summ       #.......     93%         4    ####...
 Summon Lightning Spire   Summ/Air       #.......     93%         4    ####...
 Starburst                Conj/Fire      ######....   94%         6    #######
 Alistair's Intoxication  Tmut/Pois      #.......     99%         5    #####..
 Borgnjor's Vile Clutch   Necr/Erth      #.........   99%         5    #####..
 Iskenderun's Battlesphe  Conj/Chrm      ##......     99%         5    #####..
 Metabolic Englaciation   Hex/Ice        #.........   99%         5    #####..
 Summon Mana Viper        Hex/Summ       #.......     99%         5    #####..
 Yara's Violent Unravell  Hex/Tmut       #.........   99%         5    #####..
 Freezing Cloud           Conj/Ice/Air   ##........   100%        6    #######
 Invisibility             Hex            #.......     100%        6    #######
 Iron Shot                Conj/Erth      ##........   100%        6    #######
 Dragon Form              Tmut           #.........   100%        7    #######
 Malign Gateway           Summ/Tloc      ####......   100%        7    #######
 Monstrous Menagerie      Summ           #.........   100%        7    #######
 Orb of Destruction       Conj           ###.......   100%        7    #######
 Spellforged Servitor     Conj/Summ      ##........   100%        7    #######
 Summon Greater Demon     Summ           #.........   100%        7    #######
 Summon Hydra             Summ           #.........   100%        7    #######
 Controlled Blink         Tloc           N/A          100%        8    #######
 Disjunction              Tloc           ######....   100%        8    #######
 Summon Horrible Things   Summ           #.........   100%        8    #######


Dungeon Overview and Level Annotations

Branches:
Dungeon (15/15)            Temple (1/1) D:6            Lair (6/6) D:10
 Shoals (1/4) Lair:2       Spider (4/4) Lair:2        Slime (5/5) Lair:6
    Orc (2/2) D:10            Elf (3/3) Orc:2        Vaults (0/5) D:13
Gauntlet (visited)
 Depths: D:15

Altars:
Ashenzari
Cheibriados
Dithmenos
Elyvilon
Fedhas
Gozag
Hepliaklqana
Kikubaaqudgha
Makhleb
Nemelex Xobeh
Qazlal
Ru
Sif Muna
Trog
Uskayaw
Vehumet
Wu Jian
Xom
Yredelemnul
Zin
The Shining One
Beogh
Jiyva

Shops:
D:6 !   Orc:2 *:([   Elf:2 !

Annotations:
D:3 3 runed translucent doors, Lugonue's ghost, amateur HOFE; kae's ghost, amateur DrTm
Spider:1 1 runed translucent door, Kaulasiffa's ghost, journeyman SpAs; Roxanne
Slime:5 Royal Jelly
Elf:2 Louise


Innate Abilities, Weirdness & Mutations

You have large cloven feet.
You are partially covered in rugged brown scales. (AC +1, +3% HP)
You often lose your temper in combat.
You can translocate small distances at will.
Scrolls take you a little longer to read.
Armour fits poorly on your strangely shaped body.
You are very dopey. (Int -4)
You are very frail. (-20% HP)
Your spells are harder to cast, but more powerful.


Message History

You slash the acid blob!
Your hands burn!
* * * LOW HITPOINT WARNING * * *
The acid blob misses you. x2
You slash the acid blob! The acid corrodes you!
Your hands burn!
* * * LOW HITPOINT WARNING * * *
The acid blob is almost dead.
You slice the acid blob!!
Your hands burn!
* * * LOW HITPOINT WARNING * * *
You slash the death ooze! x2; The death ooze hits you!
* * * LOW HITPOINT WARNING * * *
You feel your flesh rotting away! The death ooze completely misses you.
You barely miss the acid blob.
The acid blob is almost dead.
You slash the acid blob!
Your hands burn!
* * * LOW HITPOINT WARNING * * *
You barely miss the azure jelly.
You hit the death ooze but do no damage.
You barely miss the death ooze. The acid blob completely misses you.
The death ooze completely misses you. The death ooze hits you!!
You die...

.........................
.........................
.........................
≈.≈......................
....≈.....................
..≈........................
..........J................
.........JJJ.##.#...###....
.....^..JJ@.#####.### ....
.........J.###[##..# $##...
...........##?$$##.# ?)##..
..........##$:$##..##[:!##.
..........###%))[(#.##(|(=?##
..........###$?|(##..##))!?##
............###?(#)##.#[#$[###
............########..########
..............#...#.._.#...#..


You could see the Royal Jelly, 3 acid blobs, an azure jelly and 2 death oozes.

Vanquished Creatures
  Dissolution (Slime:2)
  Nikola (Spider:1)
  Asterion (Spider:4)
  Rupert (D:13)
  A deep elf blademaster (Elf:3)
  4 acid blobs (Slime:5)
  A deep elf master archer (Elf:3)
  Kirke (Spider:1)
  Donald (Elf:2)
  A deep elf sorcerer (Elf:3)
  4 azure jellies
  3 ghost moths
  2 emperor scorpions (Spider:4)
  3 deep elf elementalists (Elf:3)
  4 entropy weavers
  3 deep elf demonologists (Elf:3)
  5 deep elf annihilators (Elf:3)
  A spark wasp (shapeshifter) (Elf:1)
  A minotaur (Gauntlet)
  4 death oozes (Slime:5)
  6 deep elf death magi (Elf:3)
  Snorg (D:11)
  Josephine (D:11)
  4 vault guards (D:13)
  3 deep elf high priests
  A catoblepas (Lair:2)
  3 hydras
  A centaur warrior (D:14)
  18 dancing weapons
  3 two-headed ogres
  A hell hog (Gauntlet)
  A queen ant (Spider:4)
  8 death yaks
  A tengu warrior (D:14)
  A wretched star (Gauntlet)
  11 deep elf knights
  3 glowing orange brains
  3 unseen horrors
  9 deep elf archers
  Pikel (D:4)
  7 orb spiders
  5 shining eyes
  3 orc knights (Orc:2)
  2 orc sorcerers
  22 wolf spiders
  44 deep elf magi
  An oklob plant (Lair:6)
  A manticore (D:11)
  2 moths of wrath
  2 cyclopes
  3 centaur zombies
  4 ugly things
  An eye of devastation (Slime:5)
  2 gargoyles (D:14)
  A black mamba (shapeshifter) (Elf:3)
  18 spiny frogs
  A centaur skeleton (D:13)
  2 kobold demonologists
  4 komodo dragons
  An efreet (D:13)
  7 demonic crawlers
  A meliai (shapeshifter) (D:14)
  7 trolls
  23 jumping spiders
  2 queen bees
  8 hornets
  5 tyrant leeches (Lair:6)
  Grinder (D:4)
  41 slime creatures
  A meliai zombie (D:14)
  21 blink frogs
  A hippogriff (shapeshifter) (Elf:2)
  4 dream sheep (Lair:6)
  9 hippogriffs
  35 yaks
  3 air elementals
  3 shadows
  17 tarantellas
  43 redbacks
  4 water elementals
  3 fire bats (Gauntlet)
  4 wraiths
  3 wyverns
  A basilisk (shapeshifter) (D:13)
  2 fire elementals
  3 basilisks
  5 hogs (Spider:1)
  A steam dragon (D:13)
  2 hungry ghosts
  10 vampire mosquitoes
  2 neqoxecs (Gauntlet)
  2 wargs (Orc:2)
  An acid dragon (D:14)
  2 hell hounds (Gauntlet)
  24 soldier ants
  10 water moccasins
  21 orc warriors
  2 porcupines
  2 black bears
  3 ice beasts
  7 sky beasts
  2 necrophages
  2 phantoms
  6 ogres
  4 eyes of draining
  10 centaurs
  18 crocodiles
  6 big kobolds
  A gnoll sergeant (D:12)
  17 bullfrogs
  3 earth elementals
  5 scorpions
  34 killer bees
  10 wights
  5 howler monkeys
  6 crimson imps
  2 hounds (D:5)
  2 quasits
  A bullfrog zombie (D:12)
  3 jellies
  15 orc priests
  2 bullfrog skeletons
  3 iguanas
  29 worker ants
  20 orc wizards
  A hound skeleton (D:6)
  Robin (D:4)
  A worker ant zombie (D:7)
  9 gnolls
  13 adders
  6 shadow imps
  An ooze (D:1)
  2 adder zombies
  3 worms (D:5)
  3 dart slugs
  9 leopard geckos
  108 orcs
  4 giant cockroaches
  16 goblins
  10 hobgoblins
  14 jackals
  18 kobolds
  7 quokkas
  9 bats
  5 frilled lizards
  2 jackal skeletons
  A leopard gecko skeleton (D:6)
  8 rats
  2 crawling corpses (Elf:3)
  A demonic plant (Gauntlet)
  2 fungi
  9 plants
1066 creatures vanquished.

Vanquished Creatures (collateral kills)
  Jorgrun (Elf:2)
  A deep elf blademaster (Elf:3)
  2 acid blobs (Slime:5)
  An azure jelly (Slime:5)
  An orc warlord (Orc:2)
  A deep elf sorcerer (Elf:3)
  2 deep elf elementalists (Elf:3)
  Nessos (Orc:2)
  A deep elf demonologist (Elf:3)
  2 deep elf annihilators (Elf:3)
  A death ooze (Slime:5)
  A great orb of eyes (Slime:5)
  Harold (D:10)
  3 dancing weapons (Elf:2)
  3 orc high priests (Orc:2)
  4 deep elf knights (Elf:2)
  A deep elf archer (Elf:3)
  5 deep elf magi
  An orb spider (Spider:1)
  A wolf spider (Spider:1)
  An ugly thing (D:11)
  2 orc knights (Orc:2)
  An orc sorcerer (Orc:2)
  A cyclops (D:11)
  5 shining eyes
  2 eyes of devastation
  Psyche (D:11)
  A freezing wraith (D:14)
  A rime drake (Lair:1)
  A kobold demonologist (D:12)
  3 hornets (Spider:4)
  A troll (Orc:2)
  20 slime creatures
  A blink frog (Lair:6)
  2 shadows (D:11)
  A redback (Spider:4)
  A wraith (D:11)
  A yak (D:12)
  A warg (Orc:2)
  2 soldier ants (Spider:4)
  8 orc warriors
  A sky beast (D:12)
  4 ogres
  An eye of draining (Slime:1)
  A centaur (D:10)
  3 killer bees
  2 wights (D:12)
  2 orc priests (Orc:2)
  A bullfrog skeleton (D:11)
  An iguana (D:11)
  A worker ant (Spider:4)
  3 gnolls
  2 orcs
  A quokka (D:8)
114 creatures vanquished.

Vanquished Creatures (others)
  A deep elf master archer (Elf:3)
  Sigmund (D:4)
  2 redbacks (Spider:1)
  A sky beast (D:5)
  A slave (D:4)
  A killer bee (Lair:2)
  2 hounds (D:4)
  A worker ant (D:4)
  An orc (D:4)
  77 foxfires
  12 fungi
  23 plants
123 creatures vanquished.

Grand Total: 1303 creatures vanquished

Notes
Turn   | Place    | Note
-------+----------+-------------------------------------------
     0 | D:1      | Lugonue the Hill Orc Monk began the quest for the Orb.
     0 | D:1      | Reached XP level 1. HP: 19/19 MP: 1/1
   149 | D:1      | Reached XP level 2. HP: 8/27 MP: 2/2
   527 | D:1      | You fall into a shaft and drop 1 floor!
   542 | D:2      | Reached skill level 5 in Axes
   546 | D:2      | Reached XP level 3. HP: 4/33 MP: 3/3
  1048 | D:3      | Reached skill level 6 in Axes
  1060 | D:3      | HP: 1/33 [orc/+0 whip (3)]
  1129 | D:4      | HP: 1/33 [orc/+0 whip (3)]
  1493 | D:4      | Noticed Pikel
  1493 | D:4      | Noticed a slave
  1493 | D:4      | Noticed Grinder
  1493 | D:4      | Noticed a slave
  1549 | D:3      | Reached XP level 4. HP: 35/40 MP: 4/4
  1579 | D:3      | Found a runed translucent gate.
  1580 | D:3      | Found a runed translucent gate.
  1581 | D:3      | Found a runed translucent gate.
  1612 | D:3      | Noticed Lugonue's ghost (amateur HOFE)
  1613 | D:3      | Noticed kae's ghost (amateur DrTm)
  1978 | D:3      | Reached skill level 7 in Axes
  2055 | D:3      | Reached XP level 5. HP: 41/46 MP: 5/5
  2226 | D:4      | Paralysed by Pikel for 3 turns
  2228 | D:4      | Noticed a slave
  2230 | D:4      | Killed Pikel
  2230 | D:4      | Reached skill level 9 in Axes
  2230 | D:4      | Reached skill level 1 in Throwing
  2230 | D:4      | Reached XP level 6. HP: 34/52 MP: 6/6
  2230 | D:4      | Reached XP level 7. HP: 38/58 MP: 7/7
  2237 | D:4      | Killed Grinder
  2237 | D:4      | Reached skill level 10 in Axes
  2301 | D:4      | Noticed Robin
  2302 | D:4      | Noticed Sigmund
  2334 | D:4      | Killed Robin
  2461 | D:4      | Killed Sigmund
  3232 | D:2      | Found a sacrificial altar of Ru.
  3765 | D:5      | Entered Level 5 of the Dungeon
  3783 | D:5      | Reached XP level 8. HP: 32/66 MP: 8/8
  4330 | D:5      | Reached skill level 11 in Axes
  4823 | D:5      | Reached skill level 5 in Armour
  5405 | D:6      | Found a sparkling altar of Nemelex Xobeh.
  5424 | D:6      | Reached skill level 12 in Axes
  5490 | D:6      | Found a staircase to the Ecumenical Temple.
  5497 | Temple   | Entered the Ecumenical Temple
  5538 | Temple   | Became a worshipper of Makhleb the Destroyer
  5538 | Temple   | Reached * piety under Makhleb
  5538 | Temple   | Reached ** piety under Makhleb
  5639 | D:6      | Found a hazy altar of Hepliaklqana.
  5669 | D:6      | Reached skill level 1 in Invocations
  5858 | D:6      | Found Venuxtih's Distillery.
  5868 | D:6      | Bought a potion of heal wounds for 70 gold pieces
  5868 | D:6      | Bought a potion of heal wounds for 70 gold pieces
  5968 | D:6      | Gained mutation: Your muscles are strong. (Str +2) [potion
                  | of mutation]
  5968 | D:6      | Gained mutation: You passively map a small area around you.
                  | [potion of mutation]
  6015 | D:7      | Reached XP level 9. HP: 71/71 MP: 10/10
  6549 | D:7      | Found an opulent altar of Gozag.
  6549 | D:7      | Found a white marble altar of Elyvilon.
  6550 | D:7      | Found a radiant altar of Vehumet.
  6777 | D:8      | Reached skill level 13 in Axes
  6778 | D:8      | Reached *** piety under Makhleb
  7190 | D:8      | Found a shimmering altar of Xom.
  7428 | D:8      | Reached skill level 5 in Invocations
  7871 | D:8      | Found a snail-covered altar of Cheibriados.
  7879 | D:8      | Found a hide-covered altar of Uskayaw.
  8233 | D:9      | Reached XP level 10. HP: 71/78 MP: 14/14
  8420 | D:9      | Paralysed by a hornet for 2 turns
  8975 | D:9      | Identified 2 scrolls of acquirement
  9043 | D:10     | Entered Level 10 of the Dungeon
  9114 | D:10     | Reached **** piety under Makhleb
  9136 | D:10     | Reached skill level 14 in Axes
  9150 | D:10     | Noticed a two-headed ogre
  9166 | D:10     | Killed a two-headed ogre
  9166 | D:10     | Reached skill level 10 in Invocations
  9599 | D:10     | Found a staircase to the Orcish Mines.
  9637 | D:10     | Reached ***** piety under Makhleb
  9678 | D:10     | Found a staircase to the Lair.
  9711 | D:10     | Reached XP level 11. HP: 80/84 MP: 17/19
 11156 | D:10     | Noticed Harold
 11168 | D:10     | Killed Harold
 11168 | D:10     | Reached skill level 5 in Fighting
 11458 | D:11     | Identified the amulet of the Suburbs {Acrobat rElec rC+++
                  | rN+ Int-5} (You acquired it on level 11 of the Dungeon)
 11463 | D:11     | Noticed Josephine
 11478 | D:11     | Killed Josephine
 11509 | D:11     | Noticed a cyclops
 11530 | D:11     | Killed a cyclops
 11550 | D:11     | Noticed Snorg
 11551 | D:11     | Noticed a blizzard demon
 11569 | D:11     | Noticed Psyche
 11576 | D:11     | Killed Psyche
 11576 | D:11     | Reached skill level 10 in Armour
 11594 | D:11     | Paralysed by a hornet for 2 turns
 11686 | D:11     | Noticed a white ugly thing
 11698 | D:11     | Killed a white ugly thing
 12038 | D:11     | Killed Snorg
 12557 | D:11     | Noticed a manticore
 12570 | D:11     | Killed a manticore
 12845 | D:12     | Reached XP level 12. HP: 100/100 MP: 21/21
 13255 | D:12     | Noticed a sun demon
 13514 | D:12     | Reached skill level 15 in Axes
 14118 | D:13     | Got an iridescent battleaxe
 14120 | D:13     | Identified the +8 battleaxe of Cerrel {antimagic, *Slow
                  | +Blink rElec Stlth+} (You found it on level 13 of the
                  | Dungeon)
 14386 | D:13     | Found a burning altar of Makhleb.
 14386 | D:13     | Noticed a cacodemon
 14451 | D:13     | Noticed a vault guard
 14452 | D:13     | Noticed a vault guard
 14454 | D:13     | Found a gate to the Vaults.
 14454 | D:13     | Noticed a vault guard
 14455 | D:13     | Noticed a vault guard
 14463 | D:13     | Noticed Rupert
 14500 | D:13     | Upgraded the game from 0.25-a0-488-g03579ab4a3 to
                  | 0.25-a0-492-g44cc58d149
 14514 | D:13     | Reached skill level 16 in Axes
 14537 | D:13     | Killed Rupert
 14537 | D:13     | Reached XP level 13. HP: 86/111 MP: 7/23
 14582 | D:13     | Killed a vault guard
 14595 | D:13     | Killed a vault guard
 14595 | D:13     | Reached skill level 17 in Axes
 14601 | D:13     | Killed a vault guard
 14614 | D:13     | Killed a vault guard
 14614 | D:13     | Reached skill level 15 in Invocations
 14734 | D:13     | Learned a level 2 spell: Song of Slaying
 15075 | D:13     | Found a roughly hewn altar of Beogh.
 15141 | D:14     | Found a gate leading to a gauntlet.
 15152 | D:14     | Reached skill level 10 in Fighting
 15185 | Gauntlet | Entered a Gauntlet
 15185 | Gauntlet | Found a transporter.
 15185 | Gauntlet | Found a transporter.
 15189 | Gauntlet | Found a transporter.
 15189 | Gauntlet | Found a transporter.
 15212 | Gauntlet | Found a transporter.
 15216 | Gauntlet | Found a transporter.
 15216 | Gauntlet | Found a transporter.
 15240 | Gauntlet | Found a transporter.
 15302 | Gauntlet | Found a transporter.
 15355 | Gauntlet | Found a transporter.
 15447 | Gauntlet | Found a transporter.
 15492 | Gauntlet | Reached skill level 18 in Axes
 15498 | Gauntlet | Found a transporter.
 15506 | Gauntlet | Got an ichor-stained hat
 15517 | Gauntlet | Identified the cursed -2 hat of the Postmodern Lies {*Slow
                  | rPois Regen+} (You found it in a Gauntlet)
 15524 | Gauntlet | Learned a level 2 spell: Shroud of Golubria
 15557 | Gauntlet | Gained mutation: You do not regenerate when monsters are
                  | visible. [a neqoxec]
 15592 | Gauntlet | Got a scintillating steel ring
 15595 | Gauntlet | Identified the ring of Gieblal {EV+4 Str+5} (You found it
                  | in a Gauntlet)
 15631 | Gauntlet | Noticed a minotaur
 15666 | Gauntlet | Killed a minotaur
 15666 | Gauntlet | Reached skill level 5 in Dodging
 15714 | Gauntlet | Identified the Almanac of Calling and the Mountains
 15780 | D:14     | Learned a level 5 spell: Fireball
 15830 | D:14     | Got a twisted leather armour
 15841 | D:14     | Identified the +2 leather armour "Jehaseamah" {rPois rC++
                  | MR+ Stlth+} (You found it on level 14 of the Dungeon)
 16002 | D:14     | Found a stormy altar of Qazlal.
 16083 | D:14     | Got a translucent ring mail
 16095 | D:14     | Identified the +4 ring mail of Motath {MR+ Regen+ Int+4
                  | Dex-3} (You found it on level 14 of the Dungeon)
 16590 | D:15     | Entered Level 15 of the Dungeon
 16606 | D:15     | Reached XP level 14. HP: 109/121 MP: 6/25
 16634 | D:15     | Lost mutation: Your muscles are strong. (Str +2) [potion of
                  | mutation]
 16634 | D:15     | Lost mutation: You passively map a small area around you.
                  | [potion of mutation]
 16634 | D:15     | Gained mutation: Your mind is acute. (Int +2) [potion of
                  | mutation]
 16634 | D:15     | Gained mutation: You are weak. (Str -2) [potion of
                  | mutation]
 16634 | D:15     | Gained mutation: You are surrounded by a mild repulsion
                  | field. (EV +2) [potion of mutation]
 16634 | D:15     | Gained mutation: Your spells are a little harder to cast,
                  | but a little more powerful. [potion of mutation]
 16718 | D:12     | Lost mutation: You are surrounded by a mild repulsion
                  | field. (EV +2) [potion of mutation]
 16718 | D:12     | Lost mutation: You are weak. (Str -2) [potion of mutation]
 16718 | D:12     | Gained mutation: Your magical capacity is low. (-10% MP)
                  | [potion of mutation]
 16718 | D:12     | Gained mutation: You evolve. [potion of mutation]
 16828 | D:9      | Lost mutation: You do not regenerate when monsters are
                  | visible. [potion of mutation]
 16828 | D:9      | Lost mutation: You evolve. [potion of mutation]
 16828 | D:9      | Lost mutation: Your mind is acute. (Int +2) [potion of
                  | mutation]
 16828 | D:9      | Lost mutation: Your magical capacity is low. (-10% MP)
                  | [potion of mutation]
 16828 | D:9      | Gained mutation: You can translocate small distances at
                  | will. [potion of mutation]
 16828 | D:9      | Gained mutation: You have large cloven feet. [potion of
                  | mutation]
 16924 | Orc:1    | Entered Level 1 of the Orcish Mines
 17017 | Orc:2    | Entered Level 2 of the Orcish Mines
 17087 | Orc:1    | Found the +3 hat of Pondering {ponderous, MR+ MP+10 Int+5}
 17135 | Orc:1    | Learned a level 1 spell: Foxfire
 17220 | Orc:2    | Found Viril's Antique Weapon Shoppe.
 17230 | Orc:2    | Reached skill level 19 in Axes
 17246 | Orc:2    | Found Goj Yphec's Antique Armour Shop.
 17246 | Orc:2    | Noticed an orc warlord
 17256 | Orc:2    | Killed an orc warlord
 17285 | Orc:2    | Bought a pair of scorched boots for 199 gold pieces
 17290 | Orc:2    | Identified the +2 pair of boots of Waugg {Str+3} (You
                  | bought it in a shop on level 2 of the Orcish Mines)
 17290 | Orc:2    | Bought a faintly glowing cloak for 199 gold pieces
 17300 | Orc:2    | Identified the +2 cloak of Hide-and-Seek {rElec rN+ Int-2}
                  | (You bought it in a shop on level 2 of the Orcish Mines)
 17344 | Orc:2    | Noticed Nessos
 17360 | Orc:2    | Killed Nessos
 17360 | Orc:2    | Reached skill level 1 in Evocations
 17390 | Orc:2    | Found Gaskutak's Book Shop.
 17514 | Orc:2    | Found a staircase to the Elven Halls.
 17776 | Orc:2    | Found Gotad's General Store.
 18004 | Lair:1   | Entered Level 1 of the Lair of Beasts
 18188 | Lair:1   | Got a glittering platinum ring
 18190 | Lair:1   | Identified the ring "Adabresi" {*Corrode rPois rF+ MP+9}
                  | (You found it on level 1 of the Lair of Beasts)
 18217 | Lair:1   | Reached skill level 20 in Axes
 18275 | Lair:1   | Reached ****** piety under Makhleb
 18416 | Lair:1   | You fall into a shaft and drop 1 floor!
 18416 | Lair:2   | Found a staircase to the Shoals.
 18694 | Lair:2   | Found a hole to the Spider Nest.
 18706 | Spider:1 | Entered Level 1 of the Spider Nest
 18812 | Spider:1 | Noticed Nikola
 18827 | Spider:1 | Killed Nikola
 18827 | Spider:1 | Reached XP level 15. HP: 135/135 MP: 12/27
 18862 | Spider:1 | Identified Roxanne's Catalogue of Stones
 18862 | Spider:1 | Noticed Roxanne
 18913 | Spider:1 | Noticed Kirke
 18937 | Spider:1 | Killed Kirke
 18937 | Spider:1 | Reached skill level 1 in Spellcasting
 19505 | Spider:1 | Found a runed translucent door.
 19506 | Spider:1 | Noticed Kaulasiffa's ghost (journeyman SpAs)
 19829 | Spider:2 | You fall into a shaft and drop 1 floor!
 19868 | Spider:3 | Got a pair of encrusted boots
 19913 | Spider:3 | Identified the +2 pair of boots of the Stars {rF+ rC-
                  | Str+5} (You found it on level 3 of the Spider Nest)
 20163 | Spider:3 | Killed a ghost moth
 20163 | Spider:3 | Reached skill level 15 in Fighting
 20475 | Spider:4 | Entered Level 4 of the Spider Nest
 20475 | Spider:4 | Noticed Asterion
 20500 | Spider:4 | Killed Asterion
 20683 | Spider:4 | Reached XP level 16. HP: 150/150 MP: 8/28
 21121 | Spider:4 | Reached skill level 1 in Conjurations
 21126 | Spider:4 | Reached skill level 1 in Fire Magic
 21408 | Spider:4 | Learned a level 2 spell: Blink
 21420 | Spider:4 | Got a gossamer rune of Zot
 22000 | Lair:3   | Identified the ring of the Townfolk {EV+6 Slay+2} (You
                  | acquired it on level 3 of the Lair of Beasts)
 22139 | Orc:2    | Bought a manual of Translocations for 1545 gold pieces
 22139 | Orc:2    | Bought a book of Fire for 910 gold pieces
 22141 | Orc:2    | Learned a level 1 spell: Apportation
 22145 | Orc:2    | Learned a level 3 spell: Inner Flame
 22170 | Elf:1    | Entered Level 1 of the Elven Halls
 23101 | Elf:2    | Noticed Donald
 23103 | Elf:2    | Noticed Jorgrun
 23111 | Elf:2    | Killed Donald
 23122 | Elf:2    | Killed Jorgrun
 23166 | Elf:2    | Reached skill level 1 in Translocations
 23286 | Elf:2    | Found a huge runed translucent gate.
 23286 | Elf:2    | Found a huge runed translucent gate.
 23286 | Elf:2    | Found a huge runed translucent gate.
 23286 | Elf:2    | Found a huge runed translucent gate.
 23286 | Elf:2    | Found a huge runed translucent gate.
 23416 | Elf:2    | Reached XP level 17. HP: 162/162 MP: 13/29
 23546 | Elf:2    | Found Coenotz's Distillery.
 23551 | Elf:2    | Bought a potion of curing for 39 gold pieces
 23551 | Elf:2    | Bought 2 potions of curing for 78 gold pieces
 23551 | Elf:2    | Bought a potion of brilliance for 52 gold pieces
 23551 | Elf:2    | Bought a potion of brilliance for 52 gold pieces
 23551 | Elf:2    | Bought a potion of heal wounds for 65 gold pieces
 23551 | Elf:2    | Bought a potion of curing for 39 gold pieces
 23656 | Elf:2    | Reached skill level 5 in Fire Magic
 23953 | Elf:2    | Reached skill level 5 in Throwing
 24145 | Elf:2    | Noticed Louise
 24272 | Elf:3    | Entered Level 3 of the Elven Halls
 24356 | Elf:3    | Noticed a deep elf master archer
 24574 | Elf:3    | Noticed a deep elf master archer
 24579 | Elf:3    | Killed a deep elf master archer
 24672 | Elf:3    | HP: 2/166 [deep elf master archer/arrow (26)]
 24673 | Elf:3    | Killed a deep elf master archer
 25072 | Elf:3    | Identified the +6 quarterstaff "Vifog" {flame, *Noise rElec
                  | MR++ Int+3}
 25072 | Elf:3    | Identified the +5 buckler "Ipotitemno" {+Inv Str+4}
 25072 | Elf:3    | Noticed a deep elf blademaster
 25082 | Elf:3    | Identified the +4 war axe "Gitazxeb" {freeze, MR+ Str+2
                  | Int+7 Dex-4}
 25084 | Elf:3    | Noticed a deep elf blademaster
 25085 | Elf:3    | Reached XP level 18. HP: 162/174 MP: 7/30
 25088 | Elf:3    | Killed a deep elf blademaster
 25089 | Elf:3    | Noticed a Brimstone Fiend
 25093 | Elf:3    | Killed a deep elf blademaster
 25118 | Elf:3    | Noticed a Hell Sentinel
 25162 | Elf:3    | Got brightly glowing quicksilver dragon scales
 25173 | Elf:3    | Identified the quicksilver dragon scales "Nomoxtax" {MR+
                  | Regen+ Str-2 Int+6 Dex-5} (You found it on level 3 of the
                  | Elven Halls)
 25194 | Elf:3    | Identified the Incunabulum of Envenoming and Transmigration
 25257 | Elf:3    | Identified the Compendium of Flames and the Frostbite
 25559 | Elf:3    | Learned a level 8 spell: Ignition
 25748 | Shoals:1 | Entered Level 1 of the Shoals
 25822 | Lair:3   | You fall into a shaft and drop 3 floors!
 25822 | Lair:6   | Entered Level 6 of the Lair of Beasts
 25886 | Lair:6   | Got a vibrating ivory amulet
 25892 | Lair:6   | Identified the amulet "Jerphus" {Reflect rElec rC+ MR+
                  | SH+2} (You found it on level 6 of the Lair of Beasts)
 26483 | Lair:6   | Found a staircase to the Slime Pits.
 26484 | Lair:6   | Found a viscous altar of Jiyva.
 26526 | Slime:1  | Entered Level 1 of the Pits of Slime
 26544 | Slime:1  | Gained mutation: You are frail. (-10% HP) [a shining eye]
 26567 | Slime:1  | Reached skill level 10 in Dodging
 26577 | Slime:2  | Noticed Dissolution
 26579 | Slime:2  | Gained mutation: Your flesh is cold resistant. (rC+) [a
                  | shining eye]
 26585 | Slime:2  | Gained mutation: You are dopey. (Int -2) [a shining eye]
 26588 | Slime:2  | Killed Dissolution
 26588 | Slime:2  | Gained mutation: You are weak. (Str -2) [a shining eye]
 26593 | Slime:2  | Gained mutation: Scrolls take you a little longer to read.
                  | [a shining eye]
 26609 | Slime:2  | Lost mutation: You are weak. (Str -2) [potion of mutation]
 26609 | Slime:2  | Lost mutation: Your flesh is cold resistant. (rC+) [potion
                  | of mutation]
 26609 | Slime:2  | Gained mutation: Your spells are harder to cast, but more
                  | powerful. [potion of mutation]
 26609 | Slime:2  | Gained mutation: You are partially covered in rugged brown
                  | scales. (AC +1, +3% HP) [potion of mutation]
 26609 | Slime:2  | Lost mutation: You are frail. (-10% HP) [potion of
                  | mutation]
 26609 | Slime:2  | Gained mutation: You have hoof-like feet. [potion of
                  | mutation]
 26623 | Slime:3  | Lost mutation: You have hoof-like feet. [a shining eye]
 26640 | Slime:3  | Reached skill level 5 in Spellcasting
 26676 | Slime:4  | Learned a level 7 spell: Ring of Flames
 26680 | Slime:4  | Gained mutation: Armour fits poorly on your strangely
                  | shaped body. [a shining eye]
 26683 | Slime:4  | Gained mutation: You are frail. (-10% HP) [a shining eye]
 26713 | Slime:5  | Entered Level 5 of the Pits of Slime
 26722 | Slime:5  | Reached skill level 10 in Fire Magic
 26734 | Slime:5  | Gained mutation: You are very frail. (-20% HP) [a shining
                  | eye]
 26737 | Slime:5  | Gained mutation: You tend to lose your temper in combat. [a
                  | shining eye]
 26770 | Slime:5  | Reached XP level 19. HP: 130/151 MP: 27/31
 26826 | Slime:5  | Gained mutation: You often lose your temper in combat. [a
                  | shining eye]
 26827 | Slime:5  | Gained mutation: You are very dopey. (Int -4) [a shining
                  | eye]
 26840 | Slime:5  | Reached skill level 5 in Translocations
 27230 | Slime:5  | Found a viscous altar of Jiyva.
 27290 | Slime:5  | Found the +3 warlock's mirror {reflect}
 27320 | Slime:5  | Noticed the Royal Jelly
 27345 | Slime:5  | Mangled by a death ooze

Levels and vault maps discovered:
D:1:      dpeg_arrival_three_smaller_balls, layout_basic,
          hangedman_feature_mirror
D:2:      layout_rooms, first_ration, nicolae_ru_the_path_less_chosen
D:3:      layout_rooms, gammafunk_ghost_cemetery, serial_curves, eino_curves_01,
          eino_curves_04
D:4:      layout_basic, dk_noncrumbling_3, chequers_serial_rivers_micro_b,
          minmay_misc_feat_enclosed, grunt_ministairs_1, uniq_pikel, uniq_robin,
          uniq_grinder, uniq_sigmund
D:5:      layout_basic, cheibrodos_sewer_entry_bend, minmay_door_square,
          minmay_bent
D:6:      layout_rooms, overflow_temple_1_default, lemuel_doored_altar,
          minmay_temple_entry_tees, serial_shops, nicolae_shop_window_shopping
D:7:      layout_loops_ring, gammafunk_temple_overflow_claw
D:8:      layout_basic, kennysheep_mini_moat, nicolae_overflow_hidden_temple
D:9:      layout_rooms, hangedman_pestilent_swarm
D:10:     minmay_octagon_keep, layout_basic, dpeg_oklobed_lair,
          hiddenorc2_lemuel, uniq_harold
D:11:     layout_loops_ring, serial_bayou_ford_a, uniq_psyche, uniq_snorg,
          uniq_josephine
D:12:     layout_irregular_city, chequers_jeans, st_stairs_11,
          hangedman_decor_push
D:13:     wad_woods_structure_01, layout_basic,
          lightli_vaults_fourway_checkpoint, special_room [special_room_orc],
          makhleb_altar_promises_db, uniq_rupert
D:14:     layout_long_grid, gauntlet_entry_generic, serial_bayou_shore_a,
          chequers_decorated_corner, nicolae_qazlal_general_emergency
D:15:     hangedman_depths_entry_try_elsewhere_first, layout_irregular_city,
          minmay_misc_feat_rows
Temple:   minmay_temple_bridge_abc
Lair:1:   layout_roguey, chequers_serial_rivers_room_b, beast_lair_carwin_9
Lair:2:   layout_roguey [special_room_bee], minmay_shoals_entry_centaurs,
          spider_nest_entry_web_field
Lair:3:   layout_chaotic_city, lemuel_fruit_tree, serial_bayou_shore_b,
          minmay_lair_oklob_chamber
Lair:6:   minmay_lair_end_frog_pond, layout_cave_pods, slime_altar_1
Shoals:1: layout_shoals
Spider:1: layout_chambers, ebering_ghost_reflecting_pool, uniq_nikola,
          uniq_kirke, uniq_roxanne
Spider:2: layout_spider_delve, drop_trap, hangedman_spider_trapstep
Spider:3: layout_spider_delve
Spider:4: spider_rune_water, minivault_29, uniq_asterion
Slime:1:  layout_caves
Slime:2:  layout_caves, uniq_dissolution
Slime:3:  layout_caves
Slime:4:  layout_caves, basic_altar
Slime:5
Orc:1:    layout_diamond_mine, enter_volcano_2
Orc:2:    grunt_orc_gardens, layout_caves, grunt_orc_garden, grunt_orc_garden,
          grunt_orc_garden, grunt_orc_garden, uniq_nessos
Elf:1:    minmay_elf_arrival_summoners, layout_geoelf_diagonals,
          kennysheep_underground_church, lemuel_flamethrower_3
Elf:2:    layout_gridlike, serial_shops, shop, uniq_donald, uniq_louise,
          uniq_jorgrun
Elf:3:    grunt_elf_hall_spiral, layout_loops_cross

Skill      XL: |  1  2  3  4  5  6  7  8  9 10 11 12 13 14 15 16 17 18 19 |
---------------+----------------------------------------------------------+-----
Axes           | 5 6 7 9 10 12 13 14 16 18 20 | 20.0
Throwing       | 1 2 4 5 |  5.4
Armour         | 2 3 5 7 8 10 11 12 | 12.7
Invocations    | 1 6 10 13 14 15 16 | 16.7
Fighting       | 4 7 9 10 13 15 17 18 19 | 19.1
Dodging        | 3 4 5 6 7 8 9 10 | 10.6
Evocations     | 1 3 |  3.9
Spellcasting   | 1 3 5 |  5.0
Conjurations   | 1 |  1.6
Fire Magic     | 4 7 10 11 | 11.4
Translocations | 1 3 4 7 |  7.1
Stealth        | |  1.5

Action                   |  1- 3 |  4- 6 |  7- 9 | 10-12 | 13-15 | 16-18 | 19-21 || total
-------------------------+-------+-------+-------+-------+-------+-------+-------++-------
Melee: Hand axe          |    98 |    85 |   452 |   557 |       |       |       ||  1192
       Battleaxe         |       |       |       |   226 |   847 |   832 |    60 ||  1965
       Executioner's axe |       |       |       |       |     9 |   140 |    24 ||   173
       Kick              |       |       |       |       |     8 |       |       ||     8
Throw: Boomerang         |       |     5 |     1 |    12 |     1 |       |       ||    19
       Throwing net      |       |     4 |       |     2 |     1 |       |       ||     7
       Javelin           |       |       |       |       |    34 |    48 |       ||    82
 Cast: Shroud of Golubri |       |       |       |       |    17 |    24 |     2 ||    43
       Song of Slaying   |       |       |       |       |     4 |     1 |       ||     5
       Foxfire           |       |       |       |       |    22 |    23 |       ||    45
       Blink             |       |       |       |       |       |     3 |     4 ||     7
Invok: Minor Destruction |       |       |    38 |    35 |       |       |       ||    73
       Lesser Servant of |       |       |       |    13 |     8 |     7 |       ||    28
       Major Destruction |       |       |       |     3 |     1 |       |       ||     4
       Greater Servant o |       |       |       |     1 |     5 |    15 |     4 ||    25
 Abil: Blink             |       |       |       |       |     4 |     1 |     1 ||     6
       Evoke Blink       |       |       |       |       |       |     4 |       ||     4
Evoke: Wand              |       |     4 |    18 |     7 |    10 |    16 |       ||    55
       Phial of floods   |       |       |       |       |     1 |     2 |     1 ||     4
       Lamp of fire      |       |       |       |       |       |     1 |     1 ||     2
       Box of beasts     |       |       |       |       |       |     1 |       ||     1
  Use: Potion            |     1 |       |     5 |     7 |     9 |     8 |     3 ||    33
       Scroll            |       |     2 |    11 |    17 |    12 |    13 |     1 ||    56
 Stab: Sleeping          |     2 |       |       |     1 |     2 |     3 |       ||     8
       Invisible         |       |       |     6 |       |       |       |       ||     6
       Distracted        |       |       |     1 |     6 |     4 |    10 |     2 ||    23
       Held in net/web   |       |       |       |     1 |     1 |     3 |       ||     5
       Petrified         |       |       |       |       |    10 |       |       ||    10
       Petrifying        |       |       |       |       |     1 |       |       ||     1
       Confused          |       |       |       |       |       |     2 |       ||     2
  Eat: Ration            |     1 |       |     1 |     4 |     7 |     5 |       ||    18
       Chunk             |       |       |    16 |    10 |     5 |     6 |       ||    37
Armor: Robe              |    27 |       |       |       |       |       |       ||    27
       Scale mail        |    14 |    41 |   182 |   145 |       |       |       ||   382
       Troll leather arm |       |       |       |   171 |    47 |       |       ||   218
       Ring mail         |       |       |       |       |   383 |   230 |       ||   613
       Leather armour    |       |       |       |       |     5 |       |       ||     5
       Quicksilver drago |       |       |       |       |       |    70 |    16 ||    86
Dodge: Dodged            |    78 |    44 |   186 |   353 |   751 |   876 |    96 ||  2384
Block: Other             |       |       |       |       |    31 |    64 |     4 ||    99
       Reflection        |       |       |       |       |       |     5 |       ||     5

Table legend:
 A = Non-vault XP
 B = Vault XP
 C = Vault XP percentage of total XP
 D = Non-vault monster count
 E = Vault monster count
 F = Vault count percentage of total count
                 A         B        C        D         E       F
            +---------+---------+-------+---------+---------+-------
      Total |  171946 |  162380 |  48.6 |     744 |     420 |  36.1
            +---------+---------+-------+---------+---------+-------
        D:1 |      25 |       4 |  13.8 |      12 |       2 |  14.3
        D:2 |     151 |       0 |   0.0 |      28 |       0 |   0.0
        D:3 |     120 |       0 |   0.0 |      34 |       0 |   0.0
        D:4 |      47 |     795 |  94.4 |       7 |      14 |  66.7
        D:5 |     557 |     234 |  29.6 |      29 |       7 |  19.4
        D:6 |     400 |       0 |   0.0 |      12 |       0 |   0.0
        D:7 |     864 |       0 |   0.0 |      26 |       0 |   0.0
        D:8 |    1212 |       0 |   0.0 |      21 |       0 |   0.0
        D:9 |     975 |     894 |  47.8 |      15 |       4 |  21.1
       D:10 |    1900 |    2701 |  58.7 |      36 |      43 |  54.4
       D:11 |    4957 |    2520 |  33.7 |      47 |       7 |  13.0
       D:12 |    5734 |    1253 |  17.9 |      47 |       5 |   9.6
       D:13 |    2725 |   12349 |  81.9 |      18 |      49 |  73.1
       D:14 |    8391 |       0 |   0.0 |      36 |       0 |   0.0
       D:15 |    1383 |       0 |   0.0 |       3 |       0 |   0.0
     Lair:1 |    6807 |    1693 |  19.9 |      32 |       8 |  20.0
     Lair:2 |    8690 |    2089 |  19.4 |      24 |      28 |  53.8
     Lair:3 |     238 |       0 |   0.0 |       2 |       0 |   0.0
     Lair:6 |    9506 |   12771 |  57.3 |      23 |      50 |  68.5
   Spider:1 |   13501 |    6388 |  32.1 |      42 |       7 |  14.3
   Spider:2 |    3535 |       0 |   0.0 |      12 |       0 |   0.0
   Spider:3 |   11769 |       0 |   0.0 |      28 |       0 |   0.0
   Spider:4 |    7057 |   25418 |  78.3 |      21 |      80 |  79.2
    Slime:1 |    4156 |       0 |   0.0 |      11 |       0 |   0.0
    Slime:2 |    3169 |   12694 |  80.0 |       9 |       1 |  10.0
    Slime:3 |    4147 |       0 |   0.0 |       8 |       0 |   0.0
    Slime:4 |    2696 |       0 |   0.0 |       7 |       0 |   0.0
    Slime:5 |   18736 |    9119 |  32.7 |      45 |      12 |  21.1
      Orc:1 |     256 |       0 |   0.0 |       5 |       0 |   0.0
      Orc:2 |    2483 |    8286 |  76.9 |      24 |      28 |  53.8
      Elf:1 |    5090 |    6135 |  54.7 |       8 |      10 |  55.6
      Elf:2 |   14871 |   15805 |  51.5 |      28 |      22 |  44.0
      Elf:3 |   25798 |   36876 |  58.8 |      44 |      29 |  39.7
   Gauntlet |       0 |    4356 | 100.0 |       0 |      14 | 100.0
            +---------+---------+-------+---------+---------+-------
